 Dungeon Crawl Stone Soup version 0.29-a0-337-g68df138881 (webtiles) character file.

Game seed: 11218326127436082953

35 spaghetti the Vandal (level 3, 0/30 HPs)
             Began as a Deep Dwarf Arcane Marksman on Apr 17, 2022.
             Slain by a gnoll
             ... wielding a +0 halberd
              (9 damage)
             ... on level 2 of the Dungeon.
             The game lasted 00:03:03 (883 turns).

spaghetti the Vandal (Deep Dwarf Arcane Marksman)    Turns: 883, Time: 00:03:03

Health: 0/30       AC:  2    Str: 13    XL:     3   Next: 17%
Magic:  4/4        EV: 12    Int: 15    God:
Gold:   62         SH:  5    Dex: 13    Spells: 3/4 levels left

rFire   . . .      SeeInvis .   a - +0 hunting sling {sling}
rCold   . . .      Faith    .   (no shield)
rNeg    . . .      Spirit   .   b - +0 robe
rPois   .          Reflect  +   (no helmet)
rElec   .          Harm     .   (no cloak)
rCorr   .          Rampage  .   (no gloves)
Will    .....                   (no boots)
Stlth   +.........              f - amulet of reflection
HPRegen 0.00/turn               (no ring)
MPRegen 0.09/turn               (no ring)

@: no status effects
A: damage resistance, heal wounds, sense surroundings 1, no regeneration
a: Heal Wounds


You were on level 2 of the Dungeon.
You visited 1 branch of the dungeon, and saw 2 of its levels.

You collected 62 gold pieces.


Innate Abilities, Weirdness & Mutations

You are resistant to damage.
You can heal yourself by infusing magical energy.
You passively map a small area around you.
You do not regenerate.


   Skills:
 - Level 0.8 Fighting
 + Level 3.6 Slings
 - Level 2.1 Dodging
 - Level 1.0 Spellcasting
 + Level 2.5 Hexes
 + Level 0.6 Fire Magic


You had 3 spell levels left.
You knew the following spells:

 Your Spells              Type           Power      Damage    Failure   Level
a - Slow                  Hex            32%        N/A       9%          1

Your spell library contained the following spells:

 Spells                   Type           Power      Damage    Failure   Level
 Inner Flame              Hex/Fire       5%         N/A       36%         3
 Portal Projectile        Hex/Tloc       8%         N/A       41%         3
 Cause Fear               Hex            4%         N/A       63%         4

Inventory:

Hand Weapons
 a - a +0 hunting sling (weapon) {sling}
Missiles
 h - 28 stones {throwing}
Armour
 b - a +0 robe (worn)
Jewellery
 f - an amulet of reflection (around neck)
   (You found it on level 1 of the Dungeon)
Scrolls
 c - a scroll of vulnerability {!r!r}
 d - a scroll of identify {@r1}
 e - a scroll of enchant weapon
 i - a scroll of blinking {unknown}
 j - a scroll of summoning {unknown}

Dungeon Overview and Level Annotations

Branches:
Dungeon (2/15)

Altars:

Shops:
D:1

=
###.#..#....#.#.#.##
...)#..#.####.##.##
##.....#......##.###
#####.#...##......#
,, #.....##.##.#.#
#.....##.##.#.#
,,#.....##.#..#.# ,
#.....##.#.##.# ,
########...@..# *
###.#### #g #. * ,
#g* * , #. , #g .. *
*


You could see 3 gnolls.


Message History

Fire: a) +0 hunting sling {sling}
Press: ? - help, Q - select action, (/) - cycle Shift-Dir - straight line, f/p - frilled lizard
Aim: a frilled lizard (slow, 32% to hit)
You shoot a sling bullet.
The sling bullet closely misses the frilled lizard.
Fire: a) +0 hunting sling {sling}
Press: ? - help, Q - select action, (/) - cycle Shift-Dir - straight line, f/p - frilled lizard
Aim: a frilled lizard (slow, 32% to hit)
You shoot a sling bullet.
The sling bullet barely misses the frilled lizard.
The frilled lizard closely misses you.
Fire: a) +0 hunting sling {sling}
Press: ? - help, Q - select action, (/) - cycle Shift-Dir - straight line, f/p - frilled lizard
Aim: a frilled lizard (slow, 32% to hit)
You shoot a sling bullet.
The sling bullet hits the frilled lizard but does no damage.
Fire: a) +0 hunting sling {sling}
Press: ? - help, Q - select action, (/) - cycle Shift-Dir - straight line, f/p - frilled lizard
Aim: a frilled lizard (slow, 32% to hit)
You shoot a sling bullet.
The sling bullet closely misses the frilled lizard.
The frilled lizard completely misses you.
Fire: a) +0 hunting sling {sling}
Press: ? - help, Q - select action, (/) - cycle Shift-Dir - straight line, f/p - frilled lizard
Aim: a frilled lizard (slow, 32% to hit)
You shoot a sling bullet.
The sling bullet hits the frilled lizard.
The frilled lizard barely misses you.
Fire: a) +0 hunting sling {sling}
Press: ? - help, Q - select action, (/) - cycle Shift-Dir - straight line, f/p - frilled lizard
Aim: a frilled lizard (heavily wounded, slow, 32% to hit)
You shoot a sling bullet.
The sling bullet completely misses the frilled lizard.
You block the frilled lizard's attack.
Fire: a) +0 hunting sling {sling}
Press: ? - help, Q - select action, (/) - cycle Shift-Dir - straight line, f/p - frilled lizard
Aim: a frilled lizard (heavily wounded, slow, 32% to hit)
You shoot a sling bullet.
The sling bullet barely misses the frilled lizard.
Fire: a) +0 hunting sling {sling}
Press: ? - help, Q - select action, (/) - cycle Shift-Dir - straight line, f/p - frilled lizard
Aim: a frilled lizard (heavily wounded, slow, 32% to hit)
You shoot a sling bullet.
The sling bullet barely misses the frilled lizard.
The frilled lizard is no longer moving slowly.
The frilled lizard misses you. 😮 MP[+1]
Your mp is fully restored (4).
Fire: a) +0 hunting sling {sling}
Press: ? - help, Q - select action, (/) - cycle Shift-Dir - straight line, f/p - frilled lizard
Aim: a frilled lizard (heavily wounded, 32% to hit)
You shoot a sling bullet.
The sling bullet hits the frilled lizard!
You kill the frilled lizard!
You now have 62 gold pieces (gained 9).
Key pressed, stopping explore.
A gnoll comes into view. It is wielding a +0 halberd.
A gnoll is nearby!
A gnoll is nearby!
Fire: a) +0 hunting sling {sling}
Press: ? - help, Q - select action, (/) - cycle Shift-Dir - straight line, f - gnoll
Aim: a gnoll, wielding a +0 halberd and wearing a +0 leather armour (wandering, hasn't noticed you, 58% to hit)
You shoot a sling bullet. The gnoll shouts!
The sling bullet hits the gnoll but does no damage.
You hear a shout! x3
Fire: a) +0 hunting sling {sling}
Press: ? - help, Q - select action, (/) - cycle Shift-Dir - straight line, f/p - gnoll
Aim: a gnoll, wielding a +0 halberd and wearing a +0 leather armour (58% to hit)
You shoot a sling bullet.
The sling bullet barely misses the gnoll.
Fire: a) +0 hunting sling {sling}
Press: ? - help, Q - select action, (/) - cycle Shift-Dir - straight line, f/p - gnoll
Aim: a gnoll, wielding a +0 halberd and wearing a +0 leather armour (58% to hit)
You shoot a sling bullet.
The sling bullet hits the gnoll but does no damage.
A gnoll comes into view. It is wielding a +0 whip.
The gnoll hits you from afar with a +0 halberd!
* * * LOW HITPOINT WARNING * * *
😨 HP[-7]
You take 7 damage, and now have 13/30 hp.
MASSIVE DAMAGE!! (PAUSE) Fire: a) +0 hunting sling {sling}
Press: ? - help, Q - select action, (/) - cycle Shift-Dir - straight line, f/p - gnoll
Aim: a gnoll, wielding a +0 halberd and wearing a +0 leather armour (58% to hit)
You shoot a sling bullet.
The sling bullet closely misses the gnoll.
The gnoll hits you from afar with a +0 halberd.
* * * LOW HITPOINT WARNING * * *
A gnoll comes into view. It is wielding a +0 flail.
You block the gnoll's attack. 😨 HP[-4]
You take 4 damage, and now have 9/30 hp.
Fire: a) +0 hunting sling {sling}
Press: ? - help, Q - select action, (/) - cycle Shift-Dir - straight line, f/p - gnoll
Aim: a gnoll, wielding a +0 halberd and wearing a +0 leather armour (58% to hit)
You shoot a sling bullet.
The sling bullet completely misses the gnoll.
The gnoll hits you from afar with a +0 halberd!
You die...

Skill      XL: |  1 |
---------------+----+-----
Slings         | 3 |  3.6
Fighting       | |  0.8
Dodging        | |  2.1
Spellcasting   | |  1.0
Hexes          | |  2.5
Fire Magic     | |  0.6

Action                   || total
-------------------------++-------
 Fire: Hunting sling     ||   152
 Cast: Slow              ||     3
 Abil: Heal Wounds       ||     2
  Use: Scroll            ||     3
Armor: Robe              ||    25
Dodge: Dodged            ||   104
Block: Other             ||     6

Levels and vault maps discovered:
D:1:      dpeg_arrival_simpleton_c, layout_loops_ring, serial_shops,
          nicolae_shop_stone
D:2:      minmay_evil_eye, layout_loops_cross

Notes
Turn   | Place    | Note
-------+----------+-------------------------------------------
     0 | D:1      | spaghetti the Deep Dwarf Arcane Marksman began the quest
                  | for the Orb.
     0 | D:1      | Reached XP level 1. HP: 16/16 MP: 2/2
     0 | D:1      | magus.rc [v1.9.6]
   177 | D:1      | Reached skill level 3 in Slings
   198 | D:1      | Reached XP level 2. HP: 9/24 MP: 3/3
   340 | D:1      | Found Inwi's Jewellery Shop.
   387 | D:1      | HP: 6/24 [frilled lizard (1)]
   393 | D:1      | HP: 4/24 [jackal (1)]
   396 | D:1      | HP: 1/24 [jackal (1)]
   767 | D:2      | Reached XP level 3. HP: 22/30 MP: 4/4
   883 | D:2      | Slain by a gnoll

Vanquished Creatures
  A dart slug (D:2)
  2 endoplasms
  2 giant cockroaches
  A goblin (D:1)
  3 hobgoblins (D:1)
  3 jackals (D:1)
  3 quokkas (D:1)
  2 ball pythons (D:1)
  4 bats (D:1)
  4 frilled lizards
  4 kobolds
  3 rats (D:1)
32 creatures vanquished.

Table legend:
 A = Non-vault XP
 B = Vault XP
 C = Vault XP percentage of total XP
 D = Non-vault monster count
 E = Vault monster count
 F = Vault count percentage of total count
                 A         B        C        D         E       F
            +---------+---------+-------+---------+---------+-------
      Total |      48 |       3 |   5.9 |      30 |       2 |   6.2
            +---------+---------+-------+---------+---------+-------
        D:1 |      40 |       0 |   0.0 |      26 |       0 |   0.0
        D:2 |       8 |       3 |  27.3 |       4 |       2 |  33.3
            +---------+---------+-------+---------+---------+-------

Illustrated notes

Table legend:
 A = Kills in this place as a percentage of kills in entire the game.
 B = Kills by you in this place as a percentage of kills by you in the entire game.
 C = Kills by friends in this place as a percentage of kills by friends in the entire game.
 D = Other kills in this place as a percentage of other kills in the entire game.
 E = Experience gained in this place as a percentage of experience gained in the entire game.
 F = Experience gained in this place divided by the number of levels of this place that you have seen.
                   A       B       C       D       E      F
               +-------+-------+-------+-------+-------+----------------------
         Total | 100.0 | 100.0 |   N/A |   N/A | 100.0 |  25.5
       Dungeon | 100.0 | 100.0 |   N/A |   N/A | 100.0 |  25.5
               +-------+-------+-------+-------+-------+----------------------

Table legend: (Time is in decaauts)
 A = Elapsed time spent in this place.
 B = Non-inter-level travel time spent in this place.
 C = Inter-level travel time spent in this place.
 D = Time resting spent in this place.
 E = Time spent auto-exploring this place.
 F = Levels seen in this place.
 G = Mean time per level.
                   A        B        C        D        E       F      G
               +--------+--------+--------+--------+--------+-----+--------+
         Total |    935 |    890 |     45 |      0 |    623 |   2 |  467.5 |
       Dungeon |    935 |    890 |     45 |      0 |    623 |   2 |  467.5 |
               +--------+--------+--------+--------+--------+-----+--------+

Top non-repeatable levels by time:
     D:1: 793 daAuts
     D:2: 141 daAuts
